 Dungeon Crawl Stone Soup version 0.28.0-45-g0d030f2227 (webtiles) character file.

Game seed: 9246744201536694250

3913 pkoi the Destroyer (level 9, -16/71 HPs)
             Began as a Demigod Conjurer on Apr 11, 2022.
             Demolished by a death yak (23 damage)
             ... on level 7 of the Dungeon.
             The game lasted 00:17:41 (12775 turns).

pkoi the Destroyer (Demigod Conjurer)              Turns: 12775, Time: 00:17:42

Health: -16/71     AC: 10    Str: 12    XL:     9   Next: 69%
Magic:  0/16       EV: 17    Int: 28    God:
Gold:   286        SH:  0    Dex: 12    Spells: 3/14 levels left

rFire   . . .      SeeInvis .   a - +8 autumn katana {vorpal, manifold assault}
rCold   . . .      Faith    .   (no shield)
rNeg    . . .      Spirit   .   v - +2 steam dragon scales
rPois   .          Reflect  .   (no helmet)
rElec   .          Harm     .   e - +1 cloak
rCorr   .          Rampage  .   (no gloves)
Will    .....                   (no boots)
Stlth   ++........              g - amulet of the acrobat
HPRegen 0.21/turn               m - ring of wizardry
MPRegen 0.15/turn               n - +4 ring of evasion

@: no status effects
A: high MP 1, forlorn, divine attributes
a: no special abilities


You were on level 7 of the Dungeon.
You visited 1 branch of the dungeon, and saw 8 of its levels.
You also visited: Sewer.

You collected 286 gold pieces.

Inventory:

Hand Weapons
 a - the +8 autumn katana (weapon) {vorpal, manifold assault}
   (You found it on level 4 of the Dungeon)

   It sometimes launches melee attacks against multiple visible enemies.
Armour
 e - a +1 cloak (worn)
 k - a +0 leather armour
 v - +2 steam dragon scales (worn)
Magical Staves
 b - a staff of conjuration
Jewellery
 g - an amulet of the acrobat (around neck)
 m - a ring of wizardry (left hand)
 n - a +4 ring of evasion (right hand)
 s - a ring of resist corrosion
 t - a +6 ring of strength
Wands
 j - a wand of acid (10)
 p - a wand of iceblast (14)
 q - a wand of paralysis (9)
 r - a wand of flame (18)
Scrolls
 i - a scroll of teleportation
 l - 2 scrolls of fog
 o - 2 scrolls of holy word
 u - a scroll of amnesia
Potions
 c - 3 potions of haste
 d - 2 potions of brilliance
 f - a potion of heal wounds
 h - 2 potions of mutation
 x - a potion of lignification


   Skills:
 + Level 3.7 Fighting
 * Level 5.5 Long Blades
 + Level 3.8 Armour
 + Level 4.3 Dodging
 - Level 1.7 Stealth
 - Level 3.0 Spellcasting
 + Level 8.1 Conjurations
 + Level 3.0 Hexes
 + Level 4.0 Translocations
 + Level 1.5 Evocations


You had 3 spell levels left.
You knew the following spells:

 Your Spells              Type           Power      Damage    Failure   Level
a - Magic Dart            Conj           100%       1d8       1%          1
b - Searing Ray           Conj           98%        2d8       1%          2
c - Iskenderun's Mystic   Conj/Tloc      38%        2d9       2%          4
d - Fulminant Prism       Conj/Hex       17%        3d11      3%          4

Your spell library contained the following spells:

 Spells                   Type           Power      Damage    Failure   Level
 Shock                    Conj/Air       100%       1d9       1%          1
 Dazzling Flash           Conj/Hex       70%        N/A       1%          3
 Sublimation of Blood     Necr           4%         N/A       4%          2
 Wereblood                Tmut           4%         N/A       4%          2
 Swiftness                Air            4%         N/A       10%         3
 Airstrike                Air            2%         N/A       32%         4
 Summon Hydra             Summ           2%         N/A       100%        7


Dungeon Overview and Level Annotations

Branches:
Dungeon (8/15)             Temple (0/1) D:4           Sewer (visited)
   Lair: D:8-11

Shops:
D:3 :   D:7 *

Annotations:
D:5 3 runed translucent doors, zeratav's ghost, novice OpTm
D:6 2 runed translucent doors, zeratav's ghost, novice OpTm


Innate Abilities, Weirdness & Mutations

You have an increased reservoir of magic. (+10% MP)
You shall have no god before yourself.
Your divine heritage dramatically boosts your attributes as you level up.


Message History

22 arrows; a +0 shortbow The death yak snorts and paws the ground.
The death yak snorts and paws the ground.
Casting: Iskenderun's Mystic Blast (dangerous; 2% risk of failure)
Confirm with . or Enter, or press ? or * to list all spells.
Aiming: Fulminant Prism (dangerous; 3% risk of failure)
Press: ? - help, Dir - move target You conjure a prism of explosive energy!
A fulminant prism comes into view.
The death yak gores you!
* * * LOW HITPOINT WARNING * * *
Your fulminant prism crackles loudly.
Your fulminant prism explodes!
The blast of energy engulfs the death yak!!
The death yak is severely wounded.
Casting: Fulminant Prism (dangerous; 3% risk of failure)
Confirm with . or Enter, or press ? or * to list all spells.
Aiming: Fulminant Prism (dangerous; 3% risk of failure)
Press: ? - help, Dir - move target You conjure a prism of explosive energy!
A fulminant prism comes into view.
The death yak misses you.
Your fulminant prism crackles loudly.
Your fulminant prism explodes!
The blast of energy engulfs the death yak!!
The death yak is almost dead.
Unknown command.
Casting: Fulminant Prism (dangerous; 3% risk of failure)
Confirm with . or Enter, or press ? or * to list all spells.
You erupt in a blast of force!
The mystic blast hits the death yak.
The death yak is almost dead.
The death yak gores you!
* * * LOW HITPOINT WARNING * * *
Aiming: Corrosive Bolt
Press: ? - help, Shift-Dir - straight line, f - death yak
Aim: a death yak (severely wounded, 90% to hit)
The bolt of acid hits the death yak!
The acid corrodes the death yak!
The death yak is almost dead.
The death yak gores you!!
You die...

...###..##.##
###.......####.....
...##..###..#
#######.......... .#.(#.##
##.# #####..............
###....#
#.###.....#........(.##
#..#.####.##..#####.########.#
###.##......##.## ##..# #.#
#...##.........####..## #.##
#.##...#####..###...## #..#
.....### #...Y@.### ##.#
.#.### ####<....# ####.#
.#.############...#.### #....#
.#.#.........#.(..#...##
###.####
...#.........#.##.###..# #...#
.###.......<...##..###.###.###
.# #..........####.# #.....#
## #.........## #.# ##..###
#.........# #.###..###


You could see a death yak (corroded).

Vanquished Creatures
  A two-headed ogre (D:5)
  Maggie (D:7)
  Sigmund (D:6)
  Duvessa (D:7)
  An orc warrior (D:4)
  A necrophage (D:4)
  An ice beast (D:5)
  3 black bears
  2 ogres
  3 centaurs
  2 phantoms
  2 kobold brigands (Sewer)
  2 bullfrogs (D:7)
  A scorpion (D:4)
  A water moccasin skeleton (D:7)
  Dowan (D:7)
  A howler monkey (D:5)
  3 killer bees (D:8)
  2 centaur zombies
  A bullfrog zombie (D:6)
  2 hounds
  6 orc priests
  A gnoll shaman (D:6)
  Crazy Yiuf (D:4)
  Ijyb (D:3)
  2 bullfrog skeletons
  Jessica (D:2)
  A centaur skeleton (D:7)
  3 iguanas
  Natasha (thrice) (D:3)
  6 orc wizards
  Robin (D:2)
  9 adders
  6 gnolls (D:6)
  4 white imps
  An ufetubus (D:3)
  2 adder skeletons (D:4)
  2 worms
  3 dart slugs
  22 orcs
  15 ball pythons
  4 endoplasms
  11 giant cockroaches
  21 goblins
  12 hobgoblins
  6 jackals (D:1)
  10 kobolds
  5 quokkas
  4 bats
  A frilled lizard (D:1)
  9 rats
206 creatures vanquished.

Vanquished Creatures (others)
  24 fulminant prisms
  4 plants (D:5)
28 creatures vanquished.

Grand Total: 234 creatures vanquished

Notes
Turn   | Place    | Note
-------+----------+-------------------------------------------
     0 | D:1      | pkoi the Demigod Conjurer began the quest for the Orb.
     0 | D:1      | Reached XP level 1. HP: 14/14 MP: 5/5
   128 | D:1      | Reached skill level 4 in Conjurations
   163 | D:1      | Reached XP level 2. HP: 7/20 MP: 2/7
  1184 | D:1      | Reached XP level 3. HP: 26/26 MP: 6/8
  1534 | D:2      | Learned a level 2 spell: Searing Ray
  1640 | D:2      | Noticed Jessica
  1642 | D:2      | Killed Jessica
  1643 | D:2      | Reached skill level 5 in Conjurations
  1768 | D:2      | Reached XP level 4. HP: 33/33 MP: 3/9
  1920 | D:2      | Noticed Robin
  1930 | D:2      | Killed Robin
  2493 | D:3      | Noticed Natasha
  2796 | D:3      | Found Gihiwkeb's Book Shop.
  3150 | D:3      | Reached skill level 6 in Conjurations
  3150 | D:3      | Reached XP level 5. HP: 31/38 MP: 3/10
  3294 | D:3      | Killed Natasha
  4556 | D:3      | Noticed Natasha
  4559 | D:3      | Killed Natasha
  4596 | D:3      | Learned a level 4 spell: Iskenderun's Mystic Blast
  4694 | D:3      | Noticed Ijyb
  4706 | D:3      | Killed Ijyb
  4925 | D:3      | Noticed Natasha
  4928 | D:3      | Killed Natasha
  4929 | D:3      | Reached XP level 6. HP: 45/45 MP: 6/11
  5081 | D:4      | Found the +8 autumn katana {vorpal, manifold assault}
  5163 | D:4      | Reached skill level 1 in Translocations
  5533 | D:4      | Reached skill level 1 in Long Blades
  5540 | D:4      | Reached skill level 7 in Conjurations
  5672 | D:4      | Reached skill level 1 in Armour
  5672 | D:4      | Reached XP level 7. HP: 51/51 MP: 5/13
  5788 | D:4      | Found a staircase to the Ecumenical Temple.
  5882 | D:4      | Reached skill level 1 in Fighting
  6383 | D:4      | Found a runed translucent door.
  6384 | D:4      | Noticed Crazy Yiuf
  6627 | D:4      | Killed Crazy Yiuf
  6747 | D:5      | Entered Level 5 of the Dungeon
  7106 | D:5      | Learned a level 4 spell: Fulminant Prism
  7119 | D:5      | Noticed a two-headed ogre
  7126 | D:5      | Killed a two-headed ogre
  7127 | D:5      | Reached skill level 1 in Hexes
  7127 | D:5      | Reached XP level 8. HP: 61/61 MP: 3/15
  7727 | D:5      | Found a runed translucent gate.
  7730 | D:5      | Found a runed translucent gate.
  7937 | D:5      | Found a runed translucent gate.
  7942 | D:5      | Noticed zeratav's ghost (novice OpTm)
  8654 | D:6      | Noticed Sigmund
  8660 | D:6      | Killed Sigmund
  8677 | D:6      | Reached XP level 9. HP: 53/68 MP: 5/16
  8777 | D:6      | Found a glowing drain.
  8901 | Sewer    | Entered a sewer
 10497 | D:6      | Found a large runed translucent door.
 10497 | D:6      | Found a large runed translucent door.
 11054 | D:6      | Noticed zeratav's ghost (novice OpTm)
 11252 | D:7      | Noticed Duvessa
 11402 | D:7      | Noticed Dowan
 11407 | D:7      | Killed Duvessa
 11408 | D:7      | Reached skill level 5 in Long Blades
 11408 | D:7      | Killed Dowan
 11882 | D:7      | Found Bappew's Evil Emporium.
 11998 | D:7      | Reached skill level 8 in Conjurations
 12084 | D:7      | Reached skill level 1 in Evocations
 12285 | D:7      | Noticed Maggie
 12299 | D:7      | Killed Maggie
 12611 | D:8      | Noticed a death yak
 12611 | D:8      | Noticed a death yak
 12775 | D:7      | Demolished by a death yak

Illustrated notes

Levels and vault maps discovered:
D:1:      arrival_zaba_pyramid, layout_basic,
          shapermc_ecumenical_altar_mp_highgroup
D:2:      layout_basic, basic_altar, uniq_robin, uniq_jessica
D:3:      layout_rooms, serial_corexii_hall, corexii_hall_statues_l,
          corexii_hall_statues_i, serial_shops, shop, uniq_natasha, uniq_ijyb
D:4:      minmay_general_purpose_star, layout_layer_cave,
          minmay_temple_entry_offerings, supply_closet_lemuel,
          uniq_crazy_yiuf_cottage
D:5:      layout_basic, gammafunk_ghost_nasty_kobolds, minmay_misc_feat_pillars,
          chequers_serial_rivers_room_a, grunt_ministairs_10
D:6:      layout_layer_cave, ebering_ghost_disaster_area, gup_sewer_entry_pipe,
          uniq_sigmund
D:7:      layout_rooms, nicolae_evil_shop, uniq_duvessa, uniq_maggie
D:8:      layout_cave_pools, dpeg_lair_monsters, enter_bailey_5

Skill      XL: |  1  2  3  4  5  6  7  8  9 |
---------------+----------------------------+-----
Conjurations   | 4 5 6 7 8 |  8.1
Spellcasting   | 2 3 |  3.0
Translocations | 1 2 3 4 |  4.0
Long Blades    | 1 3 4 5 |  5.5
Dodging        | 2 3 4 |  4.3
Armour         | 1 2 3 |  3.8
Fighting       | 2 3 |  3.7
Hexes          | 1 2 3 |  3.0
Evocations     | 1 |  1.5
Stealth        | |  1.7

Action                   |  1- 3 |  4- 6 |  7- 9 || total
-------------------------+-------+-------+-------++-------
Melee: Whip              |    25 |       |       ||    25
       Dagger            |     5 |     2 |       ||     7
       Club              |       |    10 |       ||    10
       Katana            |       |     2 |    86 ||    88
       Punch             |       |       |     2 ||     2
       Staff             |       |       |     5 ||     5
 Cast: Magic Dart        |    66 |   110 |   162 ||   338
       Searing Ray       |     1 |     8 |    17 ||    26
       Iskenderun's Myst |       |       |     6 ||     6
       Fulminant Prism   |       |       |    24 ||    24
Evoke: Wand              |       |       |     1 ||     1
  Use: Scroll            |       |       |    12 ||    12
       Potion            |       |       |     1 ||     1
 Stab: Sleeping          |     1 |       |       ||     1
Armor: Robe              |    10 |     8 |     3 ||    21
       Leather armour    |       |       |    13 ||    13
       Steam dragon scal |       |       |     1 ||     1
Dodge: Dodged            |    30 |    14 |   103 ||   147
